 Dungeon Crawl Stone Soup version 0.29.1-1-gd02db6906a (webtiles) character file.

Game seed: 6158140996569775646

11 Icepheonix32 the Caller (level 2, -1/19 HPs)
             Began as a Merfolk Summoner on Oct 9, 2022.
             Slain by a quokka (2 damage)
             ... on level 1 of the Dungeon.
             The game lasted 00:01:05 (791 turns).

Icepheonix32 the Caller (Merfolk Summoner)           Turns: 791, Time: 00:01:06

Health: -1/19      AC:  2    Str:  8    XL:     2   Next: 25%
Magic:  4/5        EV: 12    Int: 14    God:
Gold:   29         SH:  0    Dex: 14    Spells: 2/5 levels left

rFire   . . .      SeeInvis .   e - staff of earth
rCold   . . .      Faith    .   (no shield)
rNeg    . . .      Spirit   .   a - +0 robe
rPois   .          Reflect  .   (no helmet)
rElec   .          Harm     .   (no cloak)
rCorr   .          Rampage  .   (no gloves)
Will    .....                   (no boots)
Stlth   ++........              (no amulet)
HPRegen 0.06/turn               (no ring)
MPRegen 0.09/turn               (no ring)

@: hasted, very quick
A: (nimble swimmer 2), mertail
a: no special abilities


You were on level 1 of the Dungeon.
You visited 1 branch of the dungeon, and saw 1 of its levels.

You collected 29 gold pieces.

Inventory:

Hand Weapons
 c - a +0 club
Armour
 a - a +0 robe (worn)
Magical Staves
 e - a staff of earth (weapon)
Scrolls
 f - a scroll of identify {unknown}
 g - a scroll of enchant armour {unknown}
 h - a scroll of amnesia {unknown}
Potions
 b - a potion of magic


   Skills:
 - Level 2.6 Dodging
 - Level 2.1 Stealth
 - Level 2.0 Spellcasting
 + Level 4.5 Summonings


You had 2 spell levels left.
You knew the following spells:

 Your Spells              Type           Power      Damage    Failure   Level
a - Summon Small Mammal   Summ           56%        N/A       3%          1
b - Call Imp              Summ           14%        N/A       5%          2

Your spell library contained the following spells:

 Spells                   Type           Power      Damage    Failure   Level
 Slow                     Hex            4%         N/A       24%         1
 Call Canine Familiar     Summ           14%        N/A       11%         3
 Summon Guardian Golem    Hex/Summ       7%         N/A       28%         3
 Confusing Touch          Hex            1%         N/A       56%         3
 Vampiric Draining        Necr           1%         2d6       56%         3
 Summon Lightning Spire   Summ/Air       7%         N/A       67%         4
 Alistair's Intoxication  Tmut/Pois      0%         N/A       100%        5
 Borgnjor's Vile Clutch   Necr/Erth      1%         N/A       100%        5
 Eringya's Noxious Bog    Tmut/Pois      0%         N/A       100%        6


Dungeon Overview and Level Annotations

Branches:
Dungeon (1/15)

Altars:


Innate Abilities, Weirdness & Mutations

((You are very nimble when in or above water. (Stealth+, EV+, Speed+++)))
Your lower body shifts to a powerful aquatic tail in water.


Message History

You closely miss the quokka.
Your crimson imp closely misses the quokka.
The quokka bites you. The goblin hits you with a +0 dagger.
The giant cockroach bites you but does no damage.
Your crimson imp blinks!
You closely miss the quokka. The quokka barely misses you.
The giant cockroach bites you. The goblin hits you with a +0 dagger.
The quokka misses you.
You are too injured to fight recklessly!
You are too injured to fight recklessly!
You are too injured to fight recklessly!
You are too injured to fight recklessly!
You are too injured to fight recklessly!
You are too injured to fight recklessly!
You are too injured to fight recklessly!
You are too injured to fight recklessly!
You are too injured to fight recklessly!
You are too injured to fight recklessly!
You are too injured to fight recklessly!
The goblin attacks as you move away! The goblin hits you but does no damage.
The quokka bites you but does no damage.
Your crimson imp blinks!
The giant cockroach bites you.
* * * LOW HITPOINT WARNING * * *
Your crimson imp disappears in a puff of smoke!
The quokka twitches its whiskers.
Casting: Call Imp (safe; 5% risk of failure)
Confirm with . or Enter, or press ? or * to list all spells.
The quokka bites you.
* * * LOW HITPOINT WARNING * * *
The giant cockroach barely misses you.
Your quokka bites the goblin.
The quokka closely misses you.
The goblin hits your quokka with a +0 dagger.
Your quokka completely misses the goblin.
It was a potion of haste.
You feel yourself speed up.
The goblin hits your quokka but does no damage.
Your quokka bites the goblin.
The goblin dies!
The quokka bites you.
You die...

##### #.⌠.≈.⌠.# ....#
#...≈...# #. .#
....###.8.≈.8.# #.#
.### (....##...≈(..#
#.. ...
.....##.⌠.≈.⌠.# .. ..
# ##...##...≈...#
##.#.#.#
##...####...### .....
..####
##<########.####.####
..##
###....@rB..........
...###
#.##..##)r........
†....#####
#.##.###..........
..##.....###.#..#
####.......
..######......>##
....... ..#
#.......## .......
..# #..##.### .......
..# #.....# .......
..# #.###.#


You could see a quokka, a giant cockroach and a friendly quokka (summoned).

Vanquished Creatures
  A frilled lizard (D:1)
  2 rats (D:1)
3 creatures vanquished.

Vanquished Creatures (collateral kills)
  2 endoplasms (D:1)
  A giant cockroach (D:1)
  A hobgoblin (D:1)
  A quokka (D:1)
  A bat (D:1)
  2 goblins (D:1)
  A rat (D:1)
9 creatures vanquished.

Grand Total: 12 creatures vanquished

Notes
Turn   | Place    | Note
-------+----------+-------------------------------------------
     0 | D:1      | Icepheonix32 the Merfolk Summoner began the quest for the
                  | Orb.
     0 | D:1      | Reached XP level 1. HP: 13/13 MP: 3/3
   231 | D:1      | Reached XP level 2. HP: 7/19 MP: 5/5
   701 | D:1      | Learned a level 2 spell: Call Imp
   791 | D:1      | Slain by a quokka

Illustrated notes

Levels and vault maps discovered:
D:1:      mainiacjoe_arrival_reflecting_pool, layout_basic

Action                   || total
-------------------------++-------
Melee: Unarmed           ||    30
       Staff             ||     8
       Club              ||     2
 Cast: Summon Small Mamm ||    13
       Call Imp          ||     1
  Use: Potion            ||     1
 Stab: Sleeping          ||     1
Armor: Robe              ||    17
Dodge: Dodged            ||    40
